 Dungeon Crawl Stone Soup version 0.18.1-6-gd335043 (webtiles) character file.

1540 lightmor the Cleaver (level 8, -1/96 HPs)
             Began as a Minotaur Berserker on May 18, 2016.
             Was an Elder of Trog.
             Slain by an orc priest
             ... wielding a +0 mace
              (5 damage)
             ... on level 6 of the Dungeon.
             The game lasted 00:07:34 (4509 turns).

lightmor the Cleaver (Minotaur Berserker)           Turns: 4509, Time: 00:07:35

Health: -1/96      AC:  4    Str: 33    XL:     8   Next: 56%
Magic:  7/7        EV: 12    Int:  4    God:    Trog [****..]
Gold:   288        SH:  0    Dex: 10    Spells: 0 memorised, 7 levels left

rFire  . . .     SeeInvis .     a - +1 hand axe
rCold  . . .     Gourm    .     b - +0 animal skin
rNeg   . . .     Faith    .     (no shield)
rPois  .         Spirit   .     (helmet restricted)
rElec  .         Dismiss  .     q - +1 cloak
rCorr  +         Reflect  .     (no gloves)
SustAt .         Harm     .     (no boots)
MR     .....                    (no amulet)
Stlth  ..........               j - ring of resist corrosion
                                u - +4 ring of strength

@: berserking, very quick, not resistant to hostile enchantments, extremely
unstealthy
A: retaliatory headbutt, horns 2
a: Berserk, Trog's Hand, Brothers in Arms, Burn Spellbooks, Renounce Religion


You were on level 6 of the Dungeon.
You worshipped Trog.
Trog was greatly pleased with you.
You were not hungry.

You visited 1 branch of the dungeon, and saw 6 of its levels.

You collected 288 gold pieces.

Inventory:

Hand Weapons
 a - a +1 hand axe (weapon)
Armour
 b - a +0 animal skin (worn)
 q - a +1 cloak (worn)
Jewellery
 j - a ring of resist corrosion (right hand)
 u - a +4 ring of strength (left hand)
Scrolls
 d - 4 scrolls of teleportation
 g - 2 scrolls of enchant weapon
 k - 4 scrolls of amnesia
 m - 2 scrolls of enchant armour
 n - 4 scrolls of remove curse
 o - 3 scrolls of fog
 r - 2 scrolls of recharging {unknown}
 t - a scroll of magic mapping {unknown}
Potions
 e - a potion of resistance
 f - a potion of lignification {unknown}
 i - 3 potions of degeneration {unknown}
 l - a potion of might {unknown}
 p - 2 potions of invisibility
 s - 4 potions of curing {unknown}
 v - a potion of heal wounds {unknown}
 w - 2 potions of berserk rage {unknown}
 x - a potion of cure mutation {unknown}
 z - a potion of agility {unknown}
 B - 2 potions of beneficial mutation {unknown}
Comestibles
 c - 8 bread rations
 h - 5 meat rations
 A - a slice of pizza
 C - 12 chunks of flesh


   Skills:
 - Level 3.6 Fighting
 * Level 12.9 Axes
 - Level 2.4 Armour
 - Level 2.1 Dodging


You had 7 spell levels left.
You didn't know any spells.

Dungeon Overview and Level Annotations

Branches:
Dungeon (6/15)             Temple (0/1) D:5

Altars:
Ashenzari
Cheibriados
Fedhas
Kikubaaqudgha
Qazlal
Ru
Trog
Yredelemnul
The Shining One


Innate Abilities, Weirdness & Mutations

You reflexively headbutt those who attack you in melee.
You have a pair of horns on your head.


Message History

Unknown command.
You hit the orc warrior.
The orc warrior is almost dead.
You barely miss the orc warrior.
The orc warrior is almost dead.
You slice the orc warrior!!
You kill the orc warrior!
Trog accepts your kill.
The orc throws a stone.
The stone closely misses you.
Things that are here:
a battleaxe; a chain mail; an orc corpse You hit the orc.
Your headbutt misses the orc.
The orc is heavily wounded.
The orc barely misses you.
You barely miss the orc. You headbutt the orc.
You feel the power of Trog in you as your rage grows.
You kill the orc!
Trog accepts your kill. The orc priest hits you with a mace.
You die...

.. ..............# ..
..............# ..
..............# ..
..............# ..
..............# ..
..............+ ..
..............# ...
l...o.o@).....# ....
.........(....# #...
..............#######...
.........)))..+.....#...
...........)..#.....#...
.........###+##.....#...
.........#..........+...
.........#..........#...
........+..........#...


You could see an orc priest, an orc and a giant newt (wandering).

Vanquished Creatures
  A hill giant (D:6)
  2 orc warriors (D:6)
  A black bear (D:6)
  A sky beast (D:5)
  An ogre (D:5)
  A centaur (D:6)
  Blork the orc (D:6)
  2 hounds (D:6)
  An orc wizard (D:6)
  An orc priest (D:4)
  Jessica (D:3)
  Terence (D:2)
  2 iguanas
  A worker ant (D:5)
  A howler monkey zombie (D:6)
  5 adders
  A shadow imp (D:5)
  An ooze (D:4)
  An adder skeleton (D:5)
  4 worms
  3 dart slugs
  2 giant geckos
  20 orcs
  A ball python (D:5)
  8 giant cockroaches
  4 goblins
  11 hobgoblins
  11 jackals
  4 quokkas
  12 bats
  2 giant newts (D:3)
  4 kobolds
  9 rats
121 creatures vanquished.

Notes
Turn   | Place    | Note
--------------------------------------------------------------
     0 | D:1      | lightmor the Minotaur Berserker began the quest for the Orb.
     0 | D:1      | Reached XP level 1. HP: 19/19 MP: 0/0
   198 | D:1      | Reached skill level 4 in Axes
   491 | D:1      | Reached XP level 2. HP: 26/26 MP: 1/1
  1058 | D:1      | Reached skill level 5 in Axes
  1128 | D:2      | Noticed Terence
  1130 | D:2      | Reached ** piety under Trog
  1130 | D:2      | Reached XP level 3. HP: 31/31 MP: 2/2
  1135 | D:2      | Killed Terence
  1382 | D:2      | Found a snail-covered altar of Cheibriados.
  1441 | D:2      | Reached XP level 4. HP: 23/39 MP: 3/3
  1575 | D:2      | Reached skill level 6 in Axes
  1627 | D:2      | Found an ancient bone altar of Kikubaaqudgha.
  2207 | D:3      | Found a shattered altar of Ashenzari.
  2409 | D:3      | Reached XP level 5. HP: 27/45 MP: 4/4
  2421 | D:3      | Reached skill level 7 in Axes
  2596 | D:3      | Noticed Jessica
  2602 | D:3      | Killed Jessica
  2615 | D:3      | Found a glowing golden altar of the Shining One.
  2621 | D:3      | Reached *** piety under Trog
  2640 | D:3      | Found a basalt altar of Yredelemnul.
  2642 | D:3      | Noticed a profane servitor
  2661 | D:3      | Noticed an angel
  3096 | D:4      | Found a sacrificial altar of Ru.
  3099 | D:4      | Found a blossoming altar of Fedhas.
  3160 | D:4      | Found a bloodstained altar of Trog.
  3228 | D:4      | Found a stormy altar of Qazlal.
  3427 | D:5      | Entered Level 5 of the Dungeon
  3437 | D:5      | Noticed a sky beast
  3440 | D:5      | Killed a sky beast
  3440 | D:5      | Reached skill level 8 in Axes
  3440 | D:5      | Reached XP level 6. HP: 43/51 MP: 5/5
  3624 | D:5      | Found a staircase to the Ecumenical Temple.
  3633 | D:5      | Reached skill level 9 in Axes
  4074 | D:6      | Noticed Blork the orc
  4080 | D:6      | Killed Blork the orc
  4080 | D:6      | Reached **** piety under Trog
  4080 | D:6      | Reached XP level 7. HP: 57/57 MP: 6/6
  4139 | D:6      | Reached skill level 10 in Axes
  4247 | D:6      | Noticed a hill giant
  4253 | D:6      | Killed a hill giant
  4253 | D:6      | Reached skill level 12 in Axes
  4253 | D:6      | Reached XP level 8. HP: 64/64 MP: 7/7
  4502 | D:6      | HP: 3/96 [orc warrior/battleaxe (26)]
  4509 | D:6      | Slain by an orc priest

Skill      XL: |  1  2  3  4  5  6  7 |
---------------+----------------------+-----
Axes           | 4 5 6 8 9 12 | 12.9
Fighting       | |  3.6
Armour         | |  2.4
Dodging        | |  2.1

Action                   |  1- 3 |  4- 6 |  7- 9 || total
-------------------------+-------+-------+-------++-------
Melee: Hand axe          |    72 |   155 |    42 ||   269
       Headbutt          |    12 |    32 |    11 ||    55
Invok: Berserk           |     1 |     3 |     4 ||     8
       Burn Spellbooks   |       |     1 |       ||     1
       Trog's Hand       |       |     1 |       ||     1
  Use: Scroll            |     1 |     9 |       ||    10
 Stab: Sleeping          |       |     2 |       ||     2
  Eat: Chunk             |     3 |    10 |     6 ||    19
Armor: Animal skin       |    12 |    36 |     4 ||    52
Dodge: Dodged            |    54 |    80 |    16 ||   150
